 Dungeon Sprint DCSS version 0.27-a0-681-g0c81a3c1c3 (webtiles) character file.

Game seed: 9188289847883135263

17678 mhtbhm the Severer (level 12, -5/124 HPs)
             Began as a Minotaur Fighter on Mar 20, 2021.
             Was the Champion of Trog.
             Slain by an alligator (9 damage)
             ... in the Dungeon (Sprint VII: "The Pits").
             The game lasted 00:05:38 (3377 turns).

mhtbhm the Severer (Minotaur Fighter)               Turns: 3377, Time: 00:05:38

Health: -5/124     AC: 20    Str: 27    XL:     12   Next: 21%
Magic:  11/11      EV: 16    Int:  2    God:    Trog [******]
Gold:   29         SH: 15    Dex: 11    Spells: 11/11 levels left

rFire    . . .     SeeInvis .   a - +2 broad axe of Ucuudex {vorpal, rC+ Str+2 Int-3 Stlth+}
rCold    + . .     Faith    .   c - +0 kite shield
rNeg     . . .     Spirit   .   b - +3 plate armour
rPois    .         Reflect  .   (helmet restricted)
rElec    .         Harm     .   (no cloak)
rCorr    .         Rampage  .   (no gloves)
Will     .....     NoTele   +   (no boots)
Stlth    ..........             (no amulet)
HPRegen  0.30/turn              m - +3 ring of evasion
MPRegen  0.12/turn              n - +3 ring of evasion

@: berserk cooldown, slowed, very slow
A: horns 2, retaliatory headbutt
a: Renounce Religion, Berserk, Trog's Hand, Brothers in Arms


You were in the Dungeon.
You worshipped Trog.
Trog was exalted by your worship.
You visited 1 branch You collected 29 gold pieces.

Inventory:

Hand Weapons
 a - the +2 broad axe of Ucuudex (weapon) {vorpal, rC+ Str+2 Int-3 Stlth+}
   (Trog gifted it to you in the Dungeon)

   It inflicts extra damage upon your enemies.
   It affects your strength (+2).
   It affects your intelligence (-3).
   It protects you from cold.
   It makes you more stealthy.
Missiles
 x - 2 javelins (quivered)
Armour
 b - a +3 plate armour (worn)
 c - a +0 kite shield (worn)
Jewellery
 m - a +3 ring of evasion (right hand)
 n - a +3 ring of evasion (left hand)
 s - a ring of see invisible
 v - a ring of resist corrosion
 w - a ring of protection from fire
Scrolls
 j - 3 scrolls of blinking
 l - a scroll of summoning
 p - 9 scrolls of enchant armour
 q - 2 scrolls of enchant weapon
 r - a scroll of fog
Potions
 d - 3 potions of might
 e - 14 potions of curing
 f - 15 potions of heal wounds
 g - a potion of haste
 h - 4 potions of magic
 i - 3 potions of berserk rage
 k - 2 potions of invisibility
 o - 3 potions of mutation
 t - a potion of attraction
 u - a potion of resistance


   Skills:
 + Level 16.5 Fighting
 + Level 19.6 Axes
 + Level 17.5 Armour
 + Level 5.6 Dodging
 + Level 1.5 Stealth
 + Level 17.5 Shields


You had 11 spell levels left.
You didn't know any spells.
Your spell library was empty.

Dungeon Overview and Level Annotations

Branches:
Dungeon (1/1)

Altars:
Cheibriados
Dithmenos
Elyvilon
Fedhas
Gozag
Hepliaklqana
Makhleb
Nemelex Xobeh
Okawaru
Qazlal
Ru
Sif Muna
Trog
Vehumet
Wu Jian
Xom
Yredelemnul
Zin
The Shining One
Beogh
Jiyva
Lugonu


Innate Abilities, Weirdness & Mutations

You have a pair of horns on your head.
You reflexively headbutt those who attack you in melee.


Message History

You closely miss the merfolk impaler.
The merfolk impaler is severely wounded.
You slice the apis!!
The merfolk hits you from afar with a +0 spear!
You block the merfolk impaler's attack.
The merfolk hits you from afar with a +0 halberd!
You slash the merfolk impaler!
You kill the merfolk impaler!
Trog accepts your kill.
You hit the apis but do no damage. The apis gores you but does no damage.
Unknown command.
You are no longer berserk.
You are exhausted.
You feel yourself slow down.
The merfolk hits you with a +0 halberd!!
The alligator bites you! The alligator tail-slaps you!
* * * LOW HITPOINT WARNING * * *
The merfolk hits you with a +0 spear!
* * * LOW HITPOINT WARNING * * *
Things that are here:
a +0 trident; a +0 robe; a merfolk corpse You completely miss the alligator.
You headbutt the alligator!!
The alligator is moderately wounded.
You hit the merfolk. You barely miss the apis. You closely miss the merfolk.
The apis gores you but does no damage. You block the alligator's attack. x2
The merfolk hits you with a +0 halberd!
* * * LOW HITPOINT WARNING * * *
You block the merfolk's attack. You block the alligator's attack.
The alligator completely misses you. The apis barely misses you.
You hit the alligator.
The alligator is moderately wounded.
You slash the merfolk! You slice the apis!!
You kill the apis!
Trog accepts your kill.
You closely miss the merfolk. You block the merfolk's attack.
The merfolk hits you with a +0 spear!
* * * LOW HITPOINT WARNING * * *
The alligator barely misses you. You furiously retaliate!
You headbutt the alligator! The alligator tail-slaps you!
You die...

........''..........#
######..##..#....#..#
#..##..........+ #..##..........+
#..####''####++#
#..####''####++#########
#..##......##.......)...
##########..##.#'##.##...........
............##.#@)m.##..#########
............##.mtm#.##..#
#''###########.#2='.##..#
#''###########.+..#.##..#
........##..## ##+#.##..#
.#......##..# ##..# ........''..#
#).# ........''..##########..#
.#......##..............#


You could see an alligator (swift), a green death and 3 merfolk.

Vanquished Creatures
  An apis (D)
  A deep elf demonologist (D)
  An eidolon (D)
  A merfolk impaler (D)
  Erolcha (D)
  A merfolk avatar (D)
  A catoblepas (D)
  A death knight (D)
  A large abomination (D)
  A spriggan berserker (D)
  An unseen horror (D)
  A deep troll (D)
  A bog body (D)
  A phantasmal warrior (D)
  2 flayed ghosts (D)
  A wizard (D)
  A wolf spider (D)
  A black mamba (D)
  A smoke demon (D)
  A gargoyle (D)
  2 rime drakes (D)
  An efreet (D)
  A freezing wraith (D)
  A hellwing (D)
  4 dream sheep (D)
  A redback (D)
  A wyvern (D)
  A shadow (D)
  A ynoxinul (D)
  2 spriggans (D)
  A wraith (D)
  2 basilisks (D)
  A fire bat (D)
  A steam dragon (D)
  A sky beast (D)
  A necrophage (D)
  A wolf (D)
  An ogre (D)
  2 centaurs (D)
  4 wights (D)
  A crimson imp (D)
  A quasit (D)
  A gnoll shaman (D)
  An orc priest (D)
  A jelly (D)
  A worker ant (D)
  6 gnolls (D)
  4 orcs (D)
  A bat zombie (D)
  A giant cockroach (D)
  3 hobgoblins (D)
  3 jackals (D)
  3 quokkas (D)
  A frilled lizard (D)
  A jackal zombie (D)
80 creatures vanquished.

Vanquished Creatures (collateral kills)
  An eidolon (D)
  A catoblepas (D)
  A deep elf pyromancer (D)
  A black mamba (D)
  A red devil (D)
  A jumping spider (D)
  A steam dragon (D)
  A gnoll sergeant (D)
8 creatures vanquished.

Grand Total: 88 creatures vanquished

Notes
Turn   | Place    | Note
-------+----------+-------------------------------------------
     0 | D        | mhtbhm the Minotaur Fighter began the quest for the Orb.
     0 | D        | Reached XP level 1. HP: 19/19 MP: 0/0
    20 | D        | Found a bloodstained altar of Trog.
    20 | D        | Found a shimmering blue altar of Sif Muna.
    20 | D        | Found a viscous altar of Jiyva.
    20 | D        | Found a hazy altar of Hepliaklqana.
    20 | D        | Found an opulent altar of Gozag.
    21 | D        | Found a glowing golden altar of the Shining One.
    21 | D        | Found a glowing silver altar of Zin.
    21 | D        | Found a basalt altar of Yredelemnul.
    21 | D        | Found a shimmering altar of Xom.
    21 | D        | Found an ornate altar of the Wu Jian Council.
    21 | D        | Found a sacrificial altar of Ru.
    21 | D        | Found a stormy altar of Qazlal.
    21 | D        | Found an iron altar of Okawaru.
    21 | D        | Found a sparkling altar of Nemelex Xobeh.
    21 | D        | Found a burning altar of Makhleb.
    21 | D        | Found a blossoming altar of Fedhas.
    21 | D        | Found a white marble altar of Elyvilon.
    21 | D        | Found a shadowy altar of Dithmenos.
    21 | D        | Found a snail-covered altar of Cheibriados.
    23 | D        | Found a radiant altar of Vehumet.
    23 | D        | Found a corrupted altar of Lugonu.
    27 | D        | Became a worshipper of Trog the Wrathful
   134 | D        | Reached * piety under Trog
   142 | D        | Reached skill level 3 in Axes
   145 | D        | Noticed a jelly
   148 | D        | Killed a jelly
   148 | D        | Reached ** piety under Trog
   149 | D        | Reached skill level 5 in Fighting
   149 | D        | Reached skill level 4 in Axes
   149 | D        | Reached skill level 5 in Armour
   149 | D        | Reached skill level 5 in Shields
   149 | D        | Reached XP level 2. HP: 29/29 MP: 1/1
   149 | D        | Reached XP level 3. HP: 36/36 MP: 2/2
   211 | D        | Noticed a wolf
   212 | D        | Noticed a necrophage
   217 | D        | Killed a necrophage
   218 | D        | Reached skill level 5 in Axes
   218 | D        | Reached XP level 4. HP: 42/45 MP: 3/3
   219 | D        | Reached *** piety under Trog
   220 | D        | Killed a wolf
   221 | D        | Reached skill level 6 in Axes
   221 | D        | Reached XP level 5. HP: 45/53 MP: 4/4
   267 | D        | Noticed an ogre
   271 | D        | Killed an ogre
   272 | D        | Reached skill level 7 in Axes
   272 | D        | Reached skill level 1 in Dodging
   272 | D        | Reached XP level 6. HP: 52/62 MP: 5/5
   272 | D        | Reached **** piety under Trog
   289 | D        | Reached skill level 8 in Axes
   599 | D        | Reached ***** piety under Trog
   621 | D        | Killed an unseen horror
   622 | D        | Reached skill level 10 in Fighting
   622 | D        | Reached skill level 10 in Axes
   622 | D        | Reached skill level 10 in Armour
   622 | D        | Reached XP level 7. HP: 34/73 MP: 6/6
   805 | D        | Reached XP level 8. HP: 77/80 MP: 7/7
   808 | D        | Reached skill level 11 in Axes
   821 | D        | Noticed a death knight
   825 | D        | Received a gift from Trog
   840 | D        | Killed a death knight
   841 | D        | Reached skill level 12 in Axes
   999 | D        | Reached XP level 9. HP: 67/89 MP: 8/8
  1097 | D        | Noticed a rime drake
  1097 | D        | Noticed a merfolk avatar
  1097 | D        | Noticed a smoke demon
  1103 | D        | Killed a merfolk avatar
  1104 | D        | Reached skill level 13 in Axes
  1105 | D        | Killed a rime drake
  1106 | D        | Reached skill level 14 in Axes
  1107 | D        | Killed a smoke demon
  1107 | D        | Received a gift from Trog
  1180 | D        | Reached ****** piety under Trog
  1182 | D        | Noticed a deep elf demonologist
  1183 | D        | Noticed a sun demon
  1191 | D        | Killed a deep elf demonologist
  1192 | D        | Reached skill level 15 in Axes
  1192 | D        | Reached XP level 10. HP: 100/100 MP: 9/9
  1235 | D        | Noticed a wizard
  1246 | D        | Killed a wizard
  1287 | D        | Noticed Erolcha
  1287 | D        | Noticed a spriggan berserker
  1289 | D        | Noticed an elephant
  1293 | D        | Killed Erolcha
  1294 | D        | Reached skill level 16 in Axes
  1297 | D        | Noticed a death yak
  1303 | D        | Reached skill level 5 in Dodging
  1303 | D        | Killed a spriggan berserker
  1306 | D        | Received a gift from Trog
  1498 | D        | Reached skill level 15 in Armour
  1502 | D        | Noticed a deep troll
  1512 | D        | Killed a deep troll
  1513 | D        | Reached skill level 17 in Axes
  1613 | D        | Noticed a flayed ghost
  1613 | D        | Noticed an eidolon
  1621 | D        | Reached XP level 11. HP: 110/110 MP: 10/10
  1621 | D        | Killed a flayed ghost
  1630 | D        | Killed an eidolon
  1631 | D        | Reached skill level 18 in Axes
  1631 | D        | Reached skill level 15 in Shields
  1965 | D        | Noticed a flayed ghost
  1978 | D        | Killed a flayed ghost
  1978 | D        | Received a gift from Trog
  2164 | D        | Noticed a bog body
  2169 | D        | Noticed a phantasmal warrior
  2178 | D        | Reached skill level 15 in Fighting
  2181 | D        | Killed a bog body
  2181 | D        | Received a gift from Trog
  2200 | D        | Killed a phantasmal warrior
  2368 | D        | Noticed a large abomination
  2379 | D        | Killed a large abomination
  2380 | D        | Reached skill level 19 in Axes
  2600 | D        | Noticed an eidolon
  2600 | D        | Noticed a catoblepas
  2607 | D        | Killed a catoblepas
  2607 | D        | Received a gift from Trog
  2629 | D        | Killed an eidolon
  2871 | D        | Noticed a catoblepas
  2884 | D        | Received a gift from Trog
  2889 | D        | Noticed a deep elf pyromancer
  2892 | D        | Reached XP level 12. HP: 71/122 MP: 11/11
  2896 | D        | Identified the +2 broad axe of Ucuudex {vorpal, rC+ Str+2
                  | Int-3 Stlth+} (Trog gifted it to you in the Dungeon)
  2896 | D        | Received a gift from Trog
  2899 | D        | Killed a catoblepas
  2900 | D        | Reached skill level 1 in Stealth
  3358 | D        | Noticed a merfolk impaler
  3358 | D        | Noticed an alligator
  3358 | D        | Noticed an apis
  3358 | D        | Noticed a green death
  3374 | D        | Killed a merfolk impaler
  3377 | D        | Killed an apis
  3377 | D        | HP: 4/124 [merfolk/+0 spear (10)]
  3377 | D        | Slain by an alligator

Illustrated notes

Levels and vault maps discovered:
D:        pitsprint [storerooms_1, entrance_room_1, metal_vault_3, armoury_1,
          mini_pit_1, grid_room_1, main_hall_1, silver_pit, the_coven_1,
          the_vestibule_1, steel_vault_4, golden_pit, hallway_of_sentries,
          crystal_vault_3, iron_vault_4, final_vault]

Skill      XL: |  1  2  3  4  5  6  7  8  9 10 11 12 |
---------------+-------------------------------------+-----
Fighting       | 5 6 7 8 10 11 12 14 16 | 16.5
Armour         | 5 6 7 8 10 11 12 13 15 16 17 | 17.5
Shields        | 5 7 8 11 12 13 14 17 | 17.5
Axes           | 4 5 6 7 10 12 15 17 19 | 19.6
Dodging        | 1 2 3 4 5 |  5.6
Stealth        | 1 |  1.5

Action                   |  1- 3 |  4- 6 |  7- 9 | 10-12 || total
-------------------------+-------+-------+-------+-------++-------
Melee: Hand axe          |    20 |    38 |    29 |       ||    87
       War axe           |     3 |       |       |       ||     3
       Headbutt          |     3 |     7 |    12 |    29 ||    51
       Broad axe         |       |       |    22 |   165 ||   187
Invok: Berserk           |     1 |       |     3 |     6 ||    10
       Brothers in Arms  |       |       |       |     3 ||     3
  Use: Potion            |       |       |       |     2 ||     2
 Stab: Petrified         |       |       |       |     2 ||     2
Armor: Scale mail        |     8 |       |       |       ||     8
       Chain mail        |     5 |    16 |     8 |       ||    29
       Plate armour      |       |       |     8 |   100 ||   108
Dodge: Dodged            |     7 |     9 |    16 |    89 ||   121
Block: Kite shield       |    17 |    19 |    29 |   143 ||   208

Table legend: (Time is in decaauts)
 A = Elapsed time spent in this place.
 B = Non-inter-level travel time spent in this place.
 C = Inter-level travel time spent in this place.
 D = Time resting spent in this place.
 E = Time spent auto-exploring this place.
 F = Levels seen in this place.
 G = Mean time per level.
                   A        B        C        D        E       F      G
               +--------+--------+--------+--------+--------+-----+--------+
         Total |   3452 |   3452 |      0 |   2378 |     30 |   1 | 3452.0 |
       Dungeon |   3452 |   3452 |      0 |   2378 |     30 |   1 | 3452.0 |
               +--------+--------+--------+--------+--------+-----+--------+

Top non-repeatable levels by time:
       D: 3452 daAuts
